 Dungeon Crawl Stone Soup version 0.29.1-12-g30fa7ad0bf (webtiles) character file.

Game seed: 15604390585577996231

228864 MacCMillion the Wrestler (level 18, -2/173 HPs)
             Began as a Troll Fighter on Dec 12, 2022.
             Was a High Priest of Wu Jian.
             Slain by a spark wasp (15 damage)
             ... on level 4 of the Spider Nest.
             The game lasted 02:22:46 (41796 turns).

MacCMillion the Wrestler (Troll Fighter)           Turns: 41796, Time: 02:22:47

Health: -2/173     AC: 12    Str: 28 (29) XL:     18   Next: 72%
Magic:  0/8        EV: 18    Int:  7 (8)  God:    Wu Jian [*****.]
Gold:   2323       SH: 11    Dex:  9      Spells: 17/17 levels left

rFire   . . .      SeeInvis +     - Unarmed
rCold   + . .      Faith    .   b - +0 kite shield
rNeg    + + +      Spirit   +   M - +0 acid dragon scales
rPois   .          Reflect  .   P - +2 hat {SInv}
rElec   .          Harm     .   L - +1 cloak of New Discoveries {rC+ Regen+}
rCorr   +          Rampage  .   (gloves unavailable)
Will    +....                   (boots unavailable)
Stlth   +.........              H - amulet of Hyet {Spirit rN+++ Regen+ rCorr MP-9}
HPRegen 2.78/turn               S - +4 ring of protection
MPRegen 0.11/turn               g - ring of Fuddar {rCorr Int-2 Slay+2 SInv}

@: corroded, in a heavenly storm, slowed, glowing, studying Evocations, very
slow
A: large, unfitting armour, claws 3, regeneration 1, shaggy fur 1, tough skin 1,
frail 1
}: 1/15 runes: barnacled
a: Renounce Religion, Wall Jump, Serpent's Lash, Heavenly Storm


You were on level 4 of the Spider Nest.
You worshipped Wu Jian.
Wu Jian was extremely pleased with you.
You visited 6 branches of the dungeon, and saw 31 of its levels.
You also visited: Ice Cave and Volcano.

You collected 4520 gold pieces.
You spent 2197 gold pieces at shops.

Inventory:

Missiles
 N - 5 curare-tipped darts (quivered)
 T - 5 throwing nets
 U - 8 javelins
Armour
 b - a +0 kite shield (worn)
 L - the +1 cloak of New Discoveries (worn) {rC+ Regen+}
   (You bought it in a shop on level 2 of the Orcish Mines)

   rC:        It protects you from cold.
   Regen:     It increases your rate of health regeneration.
 M - +0 acid dragon scales (worn)
 P - a +2 hat of see invisible (worn)
Jewellery
 g - the ring of Fuddar (right claw) {rCorr Int-2 Slay+2 SInv}
   (You acquired it on level 7 of the Dungeon)

   [ring of resist corrosion]

   Int:       It affects your intelligence (-2).
   Slay:      It affects your accuracy & damage with ranged weapons and melee
   (+2).
   SInv:      It lets you see invisible.
   rCorr:     It protects you from acid and corrosion.
 h - a ring of protection from fire
 i - an amulet of regeneration
 l - a ring of protection from cold
 p - the ring of Koisekk {Wiz Int+2}
   (You acquired it on level 7 of the Dungeon)

   [ring of wizardry]

   It improves your spell success rate.
   Int:       It affects your intelligence (+2).
 A - a ring of flight
 F - an amulet of faith
 G - a +4 ring of evasion
 H - the amulet of Hyet (around neck) {Spirit rN+++ Regen+ rCorr MP-9}
   (You found it in an ice cave)

   [amulet of guardian spirit]

   It causes incoming damage to be divided between your reserves of health and
   magic.
   rN:        It renders you almost immune to negative energy.
   MP:        It affects your magic capacity (-9).
   Regen:     It increases your rate of health regeneration.
   rCorr:     It protects you from acid and corrosion.
 K - a ring of protection from fire
 Q - a ring of protection from cold
 R - a ring of poison resistance
 S - a +4 ring of protection (left claw)
Wands
 a - a wand of mindburst (21)
 q - a wand of charming (25)
 t - a wand of flame (16)
 D - a wand of digging (8)
 Y - a wand of roots (10)
Scrolls
 e - 5 scrolls of teleportation
 n - 2 scrolls of immolation
 w - 7 scrolls of enchant armour
 B - 5 scrolls of vulnerability
 C - a scroll of silence
 E - 5 scrolls of poison
 I - 3 scrolls of butterflies
Potions
 c - 2 potions of berserk rage
 f - 2 potions of cancellation
 k - 9 potions of magic
 m - 2 potions of haste
 r - 7 potions of mutation
 s - 2 potions of resistance
 u - 6 potions of heal wounds
 v - 2 potions of ambrosia
 z - 10 potions of curing
 J - 6 potions of attraction
 O - 4 potions of brilliance
 V - 2 potions of might
 W - 2 potions of flight
 X - a potion of invisibility
Miscellaneous
 d - a lightning rod (4/4)
 j - a condenser vane
 o - a box of beasts
 y - a phial of floods
 Z - a tin of tremorstones (2/2)


   Skills:
 + Level 15.3 Fighting
 + Level 12.3 Dodging
 - Level 13.3 Shields
 * Level 23.8 Unarmed Combat
 - Level 5.0 Evocations


You had 17 spell levels left.
You didn't know any spells.
Your spell library contained the following spells:

 Spells                   Type           Power      Damage    Failure   Level
 Apportation              Tloc           0%         N/A       67%         1
 Beastly Appendage        Tmut           0%         N/A       67%         1
 Freeze                   Ice            0%         1d3       67%         1
 Necrotise                Necr           0%         1d4       67%         1
 Sandblast                Erth           0%         2d4       67%         1
 Slow                     Hex            0%         N/A       67%         1
 Sting                    Tmut/Pois      0%         1d3       67%         1
 Summon Small Mammal      Summ           0%         N/A       67%         1
 Passwall                 Tmut/Erth      0%         N/A       80%         2
 Poisonous Vapours        Pois/Air       0%         N/A       80%         2
 Wereblood                Tmut           0%         N/A       80%         2
 Confusing Touch          Hex            0%         N/A       95%         3
 Frozen Ramparts          Ice            0%         1d1       95%         3
 Gell's Gravitas          Tloc           0%         N/A       95%         3
 Inner Flame              Hex/Fire       0%         N/A       95%         3
 Lesser Beckoning         Tloc           0%         N/A       95%         3
 Ozocubu's Armour         Ice            0%         N/A       95%         3
 Spider Form              Tmut/Pois      0%         N/A       95%         3
 Stone Arrow              Conj/Erth      0%         3d7       95%         3
 Teleport Other           Tloc           0%         N/A       95%         3
 Vampiric Draining        Necr           0%         2d6       95%         3
 Animate Dead             Necr           0%         N/A       100%        4
 Cause Fear               Hex            0%         N/A       100%        4
 Hailstorm                Conj/Ice       0%         3d3       100%        4
 Olgreb's Toxic Radiance  Pois           0%         N/A       100%        4
 Metabolic Englaciation   Hex/Ice        0%         N/A       100%        5
 Summon Forest            Summ/Tloc      0%         N/A       100%        5
 Summon Mana Viper        Hex/Summ       0%         N/A       100%        5
 Dispersal                Tloc           0%         N/A       100%        6
 Simulacrum               Ice/Necr       0%         N/A       100%        6
 Summon Cactus Giant      Summ           0%         N/A       100%        6
 Haunt                    Necr/Summ      0%         N/A       100%        7
 Ozocubu's Refrigeration  Ice            0%         4d7       100%        7
 Discord                  Hex            0%         N/A       100%        8
 Infestation              Necr           0%         N/A       100%        8


Dungeon Overview and Level Annotations

Branches:
Dungeon (15/15)            Temple (1/1) D:6            Lair (5/5) D:11
 Shoals (4/4) Lair:2       Spider (4/4) Lair:3        Slime (0/5) Lair:5
    Orc (2/2) D:12            Elf (0/3) Orc:2        Vaults (0/5) D:14
 Depths (0/4) D:15          IceCv (visited)         Volcano (visited)

Altars:
Ashenzari
Cheibriados
Elyvilon
Fedhas
Gozag
Hepliaklqana
Kikubaaqudgha
Makhleb
Okawaru
Qazlal
Ru
Sif Muna
Trog
Uskayaw
Vehumet
Wu Jian
Xom
Yredelemnul
Zin
The Shining One

Shops:
D:2 =   Orc:2 (!**   Shoals:1 :   Shoals:4 (==(

Annotations:
D:3 2 runed translucent doors
D:4 1 runed translucent door, laros's ghost, amateur MiBe
Lair:1 1 runed translucent door, AllIsDust's ghost, novice MiBe
Spider:1 Roxanne


Innate Abilities, Weirdness & Mutations

You are too large for most types of armour.
You have claws for hands.
Your natural rate of healing is unusually fast.
You are covered in fur. (AC +1)
You have tough skin. (AC +1)
You are frail. (-10% HP)


Message History

The tarantella touches you.
The emperor scorpion moves out of view.
Items here: ) ? [ †.
You eviscerate the ghost moth!!!
The ghost moth is severely wounded.
The spark wasp barely misses you. The demonic crawler hits you!
The demonic crawler misses you.
You block the demonic crawler's attack. x2
The demonic crawler hits you but does no damage.
The demonic crawler hits you. The tarantella closely misses you.
The ghost moth hits you but does no damage.
You block the ghost moth's attack. The ghost moth stings you.
You feel dopey. The spark wasp completely misses you.
The demonic crawler barely misses you.
The demonic crawler completely misses you.
The demonic crawler barely misses you.
You scratch the spark wasp.
The spark wasp is lightly wounded.
You block the tarantella's attack. The demonic crawler misses you. x2
The demonic crawler barely misses you. The spark wasp stings you!
The spark wasp shocks you! The ghost moth stares at you.
You block the ghost moth's attack. The ghost moth completely misses you.
The ghost moth misses you.
The demonic crawler completely misses you.
The demonic crawler closely misses you. The demonic crawler hits you!
* * * LOW HITPOINT WARNING * * *
You scratch the ghost moth.
The ghost moth is severely wounded.
You block the tarantella's attack. You block the spark wasp's attack.
The demonic crawler shrieks in warning!
The ghost moth stares at you.
The ghost moth hits you but does no damage.
The ghost moth misses you. The ghost moth stings you.
* * * LOW HITPOINT WARNING * * *
You feel weakened.
The demonic crawler shrieks in warning!
The tarantella touches you!
* * * LOW HITPOINT WARNING * * *
The spark wasp stings you!!
* * * LOW HITPOINT WARNING * * *
The spark wasp shocks you!
You die...

.......#..^......
#......#.........
#^^...#.........
#..^........y..
#...........y<. ##
##.....?...sy... ##..
##§..s.......^... #...#
##y☼.....^......s.
##...○##@ys...^..........
[....☼wsss☼...####.......
.....☼§§w☼§^...^.#####...
.w...☼☼§§§...........##.y
.#...§##☼☼...).......^#[.
##... ##^............##.
#.. ##^............#. #..
##.........^.##. #.
#...^.....####.


You could see an emperor scorpion, a ghost moth (invisible), a steelbarb worm, a
spark wasp, a torpor snail, 2 demonic crawlers and a tarantella.

Vanquished Creatures
  A titan (Shoals:1)
  Asterion (Spider:1)
  2 krakens
  Gastronok (D:9)
  2 frost giants (Shoals:1)
  3 ghost moths
  A draconian knight (IceCv)
  4 emperor scorpions
  2 broodmothers
  Nessos (Orc:2)
  7 entropy weavers
  Azrael (D:15)
  5 white draconians (IceCv)
  5 spark wasps
  A red draconian (Volcano)
  Snorg (D:11)
  4 dire elephants (Lair:5)
  2 merfolk javelineers (Shoals:4)
  Josephine (Lair:3)
  6 merfolk impalers
  Harold (Lair:2)
  8 hydras
  An ogre mage (Volcano)
  6 boulder beetles
  4 vault guards (D:14)
  4 radroaches
  10 two-headed ogres
  A jorogumo (Spider:2)
  Erica (Lair:1)
  Erolcha (Orc:1)
  A catoblepas (Lair:4)
  3 alligator snapping turtles
  A death knight (D:14)
  19 death yaks
  2 merfolk avatars
  3 merfolk aquamancers
  2 tengu warriors
  Urug (Orc:1)
  3 orc high priests (Orc:2)
  A spectral dire elephant (Lair:5)
  2 storm dragon zombies (D:15)
  Nergalle (D:11)
  11 pharaoh ants
  Amaemon (Lair:1)
  11 sea snakes
  A skeletal warrior (D:13)
  2 sun moths
  10 steelbarb worms
  8 orb spiders
  An obsidian statue (Lair:5)
  Pikel (D:6)
  7 orc knights
  A spectral anaconda (Lair:5)
  4 lindwurms (D:11)
  An orange crystal statue (IceCv)
  2 phantasmal warriors
  4 deep elf pyromancers
  24 harpies
  13 manticores
  4 necromancers
  2 oklob plants (Lair:5)
  11 cyclopes
  19 wolf spiders
  2 moths of wrath
  4 fauns
  4 orc sorcerers (Orc:2)
  22 ugly things
  Maurice (D:11)
  20 elephants (Lair:5)
  4 merfolk sirens
  2 black mambas
  4 water nymphs
  An orange demon (Lair:1)
  5 torpor snails
  2 unseen horrors (D:12)
  10 cane toads
  8 demonic crawlers
  4 rime drakes
  9 storm dragon simulacra (IceCv)
  Maggie (D:6)
  4 freezing wraiths
  3 trolls
  A spriggan zombie (D:15)
  6 komodo dragons
  A tengu conjurer (D:14)
  6 golden dragon simulacra (IceCv)
  2 guardian mummies (D:15)
  23 merfolk
  34 tarantellas
  4 meliai (Spider:4)
  8 wind drakes
  Grinder (D:6)
  11 slime creatures
  5 polar bears
  8 dream sheep
  21 blink frogs
  An ettin zombie (D:15)
  10 snapping turtles
  21 culicivoras
  20 jumping spiders
  A shadow (D:9)
  A spriggan (D:12)
  32 yaks
  10 water elementals
  2 vampires (D:11)
  7 wraiths
  2 wyverns
  A hog (shapeshifter) (D:13)
  8 humans (D:14)
  6 fire elementals
  6 vampire mosquitoes
  A basilisk (Lair:3)
  A steam dragon (D:10)
  3 death yak simulacra (Lair:5)
  2 wargs
  52 redbacks
  3 spectral cane toads (Lair:5)
  13 water moccasins
  3 acid dragons
  Duvessa (D:7)
  2 hell hounds
  28 orc warriors
  An ice beast (D:7)
  7 ogres
  3 sky beasts
  4 black bears
  11 wolves
  7 centaurs
  An elephant skeleton (Lair:5)
  4 kobold brigands
  12 bullfrogs
  5 scorpions
  3 necrophages
  2 cane toad simulacra (Lair:5)
  21 wights
  Dowan (D:7)
  6 lindwurm simulacra (IceCv)
  A vampire bat (D:13)
  3 electric eels (Spider:1)
  2 howler monkeys (D:8)
  A crimson imp (D:12)
  5 jellies
  15 orc priests
  3 hounds
  3 gnoll boudas
  19 hell rats
  6 iguanas
  17 orc wizards
  7 adders
  17 gnolls
  2 river rats (D:11)
  3 shadow imps
  2 ufetubi
  2 worms
  A dart slug (D:1)
  63 orcs
  3 bat skeletons (D:13)
  2 bat zombies (D:13)
  9 endoplasms
  6 giant cockroaches
  10 goblins
  5 hobgoblins
  4 jackals (D:3)
  6 quokkas
  3 ball pythons
  3 bats
  3 frilled lizards
  25 kobolds
  7 rats
  6 tentacles
1095 creatures vanquished.

Vanquished Creatures (collateral kills)
  A jorogumo (Spider:4)
  A culicivora (Spider:4)
2 creatures vanquished.

Vanquished Creatures (others)
  A white imp (D:6)
  52 fungi
  121 plants
  17 tentacles
  28 withered plants
219 creatures vanquished.

Grand Total: 1316 creatures vanquished

Notes
Turn   | Place    | Note
-------+----------+-------------------------------------------
     0 | D:1      | MacCMillion the Troll Fighter began the quest for the Orb.
     0 | D:1      | Reached XP level 1. HP: 22/22 MP: 0/0
    94 | D:1      | Reached XP level 2. HP: 29/29 MP: 1/1
   480 | D:2      | Reached XP level 3. HP: 36/36 MP: 2/2
   486 | D:2      | Found a faded altar of an unknown god.
   612 | D:2      | Reached skill level 3 in Unarmed Combat
   633 | D:2      | Found Moyhiyrr's Jewellery Boutique.
   919 | D:2      | Reached XP level 4. HP: 43/44 MP: 3/3
  1247 | D:3      | Found a large runed translucent door.
  1248 | D:3      | Found a large runed translucent door.
  1794 | D:3      | Found a radiant altar of Vehumet.
  2028 | D:4      | Reached XP level 5. HP: 39/53 MP: 4/4
  2032 | D:4      | Reached skill level 4 in Unarmed Combat
  2137 | D:4      | Found a burning altar of Makhleb.
  2177 | D:4      | Found a runed translucent door.
  2177 | D:4      | Noticed laros's ghost (amateur MiBe)
  2249 | D:3      | Reached XP level 6. HP: 20/61 MP: 5/5
  2401 | D:4      | Reached skill level 5 in Unarmed Combat
  2829 | D:5      | Entered Level 5 of the Dungeon
  2884 | D:4      | Reached XP level 7. HP: 56/68 MP: 6/6
  2989 | D:4      | Reached skill level 6 in Unarmed Combat
  3038 | D:5      | Identified the +0 leather armour of True Grit {Regen+}
  3816 | D:5      | Reached skill level 5 in Shields
  3816 | D:5      | Reached XP level 8. HP: 55/79 MP: 7/7
  3913 | D:5      | Reached skill level 7 in Unarmed Combat
  4290 | D:6      | Found a staircase to the Ecumenical Temple.
  4302 | Temple   | Entered the Ecumenical Temple
  4312 | Temple   | Became a worshipper of the Wu Jian Council
  4403 | D:6      | Noticed Maggie
  4417 | D:6      | Killed Maggie
  4418 | D:6      | Reached skill level 5 in Fighting
  4481 | D:6      | Noticed Pikel
  4490 | D:6      | Reached skill level 8 in Unarmed Combat
  4500 | D:6      | Killed Pikel
  4501 | D:6      | Reached XP level 9. HP: 36/88 MP: 8/8
  4741 | D:6      | Noticed Grinder
  4746 | D:6      | Killed Grinder
  4747 | D:6      | Reached skill level 9 in Unarmed Combat
  5074 | D:7      | Noticed Duvessa
  5082 | D:7      | Killed Duvessa
  5083 | D:7      | Noticed Dowan
  5089 | D:7      | Killed Dowan
  5488 | D:7      | Reached * piety under Wu Jian
  5526 | D:7      | HP: 2/89 [acid (10)]
  5849 | D:7      | Identified 3 scrolls of acquirement
  5849 | D:7      | Acquired 1087 gold pieces
  5851 | D:7      | Acquired the ring of Fuddar {rCorr Int-2 Slay+2 SInv}
  5853 | D:7      | Acquired the ring of Koisekk {Wiz Int+2}
  5918 | D:7      | Identified the +7 great sword of the Enchanted Forest
                  | {vamp, Fragile rElec Int+2 SInv}
  6348 | D:8      | Reached skill level 10 in Unarmed Combat
  6484 | D:8      | Reached XP level 10. HP: 96/100 MP: 9/9
  6559 | D:8      | Reached ** piety under Wu Jian
  7863 | D:9      | Noticed Gastronok
  7893 | D:9      | Killed Gastronok
  8065 | D:9      | Reached skill level 11 in Unarmed Combat
  8298 | D:10     | Entered Level 10 of the Dungeon
  8497 | D:10     | Noticed a two-headed ogre
  8600 | D:9      | Reached skill level 5 in Dodging
  8893 | D:10     | Acquired a manual of Fighting
  9008 | D:10     | Killed a two-headed ogre
  9009 | D:10     | Reached XP level 11. HP: 109/109 MP: 10/10
  9100 | D:11     | Noticed Snorg
  9100 | D:11     | Noticed a two-headed ogre
  9136 | D:11     | Reached *** piety under Wu Jian
  9185 | D:11     | Noticed a death yak
  9187 | D:11     | Noticed a death yak
  9200 | D:10     | Killed a death yak
  9385 | D:11     | Noticed a death yak
  9393 | D:10     | Reached skill level 12 in Unarmed Combat
  9419 | D:10     | Killed a death yak
  9492 | D:11     | Found a staircase to the Lair.
  9559 | D:10     | Killed a death yak
  9660 | D:11     | Noticed Maurice
  9680 | D:11     | Killed Maurice
  9736 | Lair:1   | Entered Level 1 of the Lair of Beasts
  9839 | Lair:1   | Noticed AllIsDust's ghost (novice MiBe)
  9851 | Lair:1   | Found a runed translucent door.
 10016 | Lair:1   | Noticed a death yak
 10018 | Lair:1   | Noticed a death yak
 10021 | Lair:1   | Noticed a death yak
 10023 | Lair:1   | Reached **** piety under Wu Jian
 10023 | Lair:1   | Noticed a death yak
 10024 | Lair:1   | Noticed a death yak
 10025 | Lair:1   | Noticed Erica
 10027 | Lair:1   | Killed a death yak
 10030 | Lair:1   | Killed a death yak
 10031 | Lair:1   | Reached skill level 13 in Unarmed Combat
 10032 | Lair:1   | Noticed Amaemon
 10340 | Lair:1   | Killed a death yak
 10341 | Lair:1   | Reached XP level 12. HP: 102/123 MP: 11/11
 10346 | Lair:1   | Killed a death yak
 10356 | Lair:1   | Killed a death yak
 10650 | Lair:1   | Killed Erica
 10882 | Lair:1   | Killed Amaemon
 11215 | Lair:2   | Noticed a five-headed hydra
 11224 | Lair:2   | Killed a seven-headed hydra
 11410 | Lair:2   | Identified the +0 pair of boots "Neffef" {rCorr Dex+3}
 11565 | Lair:2   | Noticed a seven-headed hydra
 11617 | Lair:2   | Killed a seven-headed hydra
 11922 | Lair:2   | Noticed Harold
 11936 | Lair:2   | Killed Harold
 11937 | Lair:2   | Reached skill level 10 in Fighting
 11937 | Lair:2   | Reached skill level 14 in Unarmed Combat
 12059 | Lair:2   | Found a staircase to the Shoals.
 12558 | Lair:2   | Found a staircase to the Shoals.
 12902 | Lair:3   | Noticed Josephine
 13087 | Lair:3   | Noticed a death yak
 13095 | Lair:3   | Noticed a death yak
 13096 | Lair:3   | Noticed a death yak
 13098 | Lair:3   | Noticed a death yak
 13099 | Lair:3   | Noticed a death yak
 13107 | Lair:2   | Killed a death yak
 13536 | Lair:3   | Noticed a death yak
 13553 | Lair:2   | Killed a death yak
 13752 | Lair:3   | Reached skill level 10 in Shields
 13891 | Lair:2   | Reached XP level 13. HP: 135/135 MP: 12/12
 14063 | Lair:3   | Found a hole to the Spider Nest.
 14097 | Lair:3   | Identified the +5 falchion of Disarray {vorpal, +Blink rN++
                  | Int-5 SInv}
 14149 | Lair:3   | Killed Josephine
 14175 | Lair:3   | Reached skill level 15 in Unarmed Combat
 14698 | Lair:3   | Reached ***** piety under Wu Jian
 15241 | Spider:1 | Entered Level 1 of the Spider Nest
 15319 | Lair:4   | You fall into a shaft and drop 1 floor!
 15319 | Lair:5   | Entered Level 5 of the Lair of Beasts
 16716 | Lair:5   | Reached skill level 16 in Unarmed Combat
 16902 | Lair:5   | Reached XP level 14. HP: 145/149 MP: 13/13
 17511 | D:11     | Noticed Nergalle
 17524 | D:11     | Killed Nergalle
 17615 | D:11     | Killed Snorg
 18287 | D:12     | You fall into a shaft and drop 3 floors!
 18287 | D:15     | Entered Level 15 of the Dungeon
 18447 | D:12     | Found an ornate altar of the Wu Jian Council.
 18652 | D:12     | Found a staircase to the Orcish Mines.
 19701 | Orc:1    | Entered Level 1 of the Orcish Mines
 19748 | Orc:1    | Noticed Erolcha
 19752 | Orc:1    | Killed Erolcha
 20032 | Orc:1    | Found a dark tunnel.
 20089 | Volcano  | Entered a volcano
 20162 | Volcano  | Reached skill level 17 in Unarmed Combat
 20381 | Orc:2    | Entered Level 2 of the Orcish Mines
 20509 | Orc:2    | Found Qumno's Antique Weapon Shoppe.
 20543 | Orc:2    | Found Pueteinu's General Store.
 20550 | Orc:2    | Bought a scroll of fear for 60 gold pieces
 20550 | Orc:2    | Found Zilautok's General Store.
 20552 | Orc:2    | Found Ocze Dou's Distillery.
 20558 | Orc:2    | Bought the +1 cloak of New Discoveries {rC+ Regen+} for 329
                  | gold pieces
 20565 | Orc:2    | Bought a potion of might for 48 gold pieces
 20565 | Orc:2    | Bought a potion of berserk rage for 60 gold pieces
 20565 | Orc:2    | Bought 2 potions of haste for 240 gold pieces
 20690 | Orc:2    | Noticed Nessos
 20870 | Orc:1    | HP: 7/153 [poisoned by Nessos]
 20954 | Orc:2    | Reached XP level 15. HP: 110/161 MP: 14/14
 20954 | Orc:2    | Killed Nessos
 21058 | Orc:2    | Found a staircase to the Elven Halls.
 21408 | Orc:1    | Noticed Urug
 21422 | Orc:1    | Killed Urug
 21875 | D:12     | Found a staircase to the Orcish Mines.
 21929 | D:12     | Found an ornate altar of the Wu Jian Council.
 22720 | D:13     | Found an ancient bone altar of Kikubaaqudgha.
 22728 | D:13     | Identified the +1 ring mail of the Furrier {rN+ Will++}
 23167 | D:14     | Reached skill level 18 in Unarmed Combat
 23391 | D:14     | Identified the +1 ring mail of the Forest {Harm rElec rC-
                  | Int+8}
 24239 | D:14     | Found a gate to the Vaults.
 24750 | D:15     | Noticed Azrael
 24831 | D:15     | Killed Azrael
 24951 | D:15     | Found a staircase to the Depths.
 25434 | D:15     | Reached skill level 19 in Unarmed Combat
 26232 | Lair:5   | Reached XP level 16. HP: 131/170 MP: 15/15
 26403 | Lair:5   | Reached ****** piety under Wu Jian
 26663 | Lair:5   | Reached skill level 20 in Unarmed Combat
 26902 | Lair:5   | Identified the +7 plate armour of Floral Knowledge {Regen+}
 26944 | Lair:5   | Found a staircase to the Slime Pits.
 27088 | Shoals:1 | Entered Level 1 of the Shoals
 27533 | Shoals:1 | Found Zugacam's Vocational Training.
 27575 | Shoals:1 | Noticed a kraken
 27833 | Shoals:1 | Bought a manual of Evocations for 1200 gold pieces
 28089 | Shoals:1 | Noticed a titan
 28114 | Shoals:1 | Killed a titan
 28280 | Shoals:1 | Reached skill level 21 in Unarmed Combat
 28380 | Shoals:1 | Killed a kraken
 28767 | Shoals:2 | Reached skill level 1 in Evocations
 29242 | Shoals:2 | You are sucked into a shaft and drop 1 floor!
 29821 | Shoals:2 | Reached skill level 5 in Evocations
 30145 | Shoals:3 | Reached skill level 10 in Dodging
 30884 | Shoals:4 | Entered Level 4 of the Shoals
 30886 | Shoals:4 | Found Ipoukk's Jewellery Shop.
 30896 | Shoals:4 | Found Sozi's Jewellery Shoppe.
 31032 | Shoals:4 | Found Ruank's Antique Weapon Shop.
 31192 | Shoals:4 | Found Oduhos's Antique Weapon Shoppe.
 31407 | Shoals:4 | Reached XP level 17. HP: 147/179 MP: 16/16
 32148 | Shoals:4 | Got a barnacled rune of Zot
 32582 | Shoals:4 | Noticed a kraken
 32599 | Shoals:4 | Killed a kraken
 33082 | Shoals:4 | Identified the +3 halberd "Embalmer" {pain, Int+2 Dex+6}
 33119 | Shoals:4 | Reached skill level 22 in Unarmed Combat
 33157 | Shoals:4 | Bought a ring of poison resistance for 260 gold pieces
 34169 | Spider:1 | Noticed Asterion
 34247 | Spider:1 | HP: 1/182 [Asterion/orb of electricity (23)]
 34358 | Spider:1 | Killed Asterion
 34389 | Spider:1 | Noticed Roxanne
 37785 | Spider:3 | Found a frozen archway.
 37794 | IceCv    | Entered an ice cave
 38266 | IceCv    | Reached XP level 18. HP: 138/191 MP: 14/17
 38356 | IceCv    | Identified the amulet of Hyet {Spirit rN+++ Regen+ rCorr
                  | MP-9}
 38378 | IceCv    | Identified the amulet of Yttadio {Regen+ Str+3}
 39007 | Spider:3 | Reached skill level 23 in Unarmed Combat
 40032 | Spider:4 | Entered Level 4 of the Spider Nest
 40270 | Spider:4 | Reached skill level 15 in Fighting
 40286 | Spider:3 | Gained mutation: You are frail. (-10% HP) [mutagenic glow]
 41796 | Spider:4 | Slain by a spark wasp

Illustrated notes

Levels and vault maps discovered:
D:1:      shiori_arrival_maze, layout_rooms
D:2:      layout_loops_ring, serial_shops, shop_statue,
          hellmonk_ecumenical_altar_arch_garden
D:3:      layout_basic, jmf_multi_god_temple2, vehumet_altar_wand_db,
          minmay_fractal_squares_gapless_5
D:4:      layout_loops_cross, mainiacjoe_overflow_concentric_impassable,
          gammafunk_ghost_grave
D:5:      layout_basic, minmay_misc_feat_doors
D:6:      layout_rooms, minmay_temple_entry_grid, nicolae_water_bricks,
          st_stairs_8, uniq_maggie, uniq_pikel, uniq_grinder
D:7:      layout_loops_corners, minmay_fractal_squares_5, uniq_duvessa
D:8:      layout_loops_cross
D:9:      layout_irregular_city, uniq_gastronok
D:10:     layout_rooms, hangedman_decor_lopped
D:11:     layout_cave_pools, dpeg_lair_monsters, minmay_lindwurm_lava,
          uniq_snorg, uniq_maurice, uniq_nergalle
D:12:     layout_grid_maze, orc_0_dummy, hangedman_stone_soup,
          nzn_wu_jian_contemplation
D:13:     layout_roguey, nicolae_twisting_strands, kennysheep_vampire_church
D:14:     layout_layer_cave, ximxim_vaults_locker_room
D:15:     gammafunk_depths_entry_grave, layout_cave_pools, minivault_11,
          uniq_azrael
Temple:   dpeg_three_leaves_temple
Lair:1:   layout_cave_pods, hellmonk_ghost_happy_afterlife, uniq_erica,
          uniq_amaemon
Lair:2:   layout_regular_city, shoals_dummy_entry,
          nicolae_lair_grove_arrangements, uniq_harold
Lair:3:   layout_long_grid, nicolae_spider_entry_non_spiders,
          hangedman_lair_unloving_vines, st_stairs_6, uniq_josephine
Lair:4:   layout_regular_city, st_stairs_5, beast_lair_carwin_7
Lair:5:   due_jungle_book, layout_long_grid, minmay_slime_entry_oklob_open
Shoals:1: cheibrodos_shoals_gigantism, layout_shoals, nicolae_shop_vocational
Shoals:2: layout_shoals, nicolae_shoals_flooded_hall
Shoals:3: layout_shoals, nicolae_shoals_elemental_ambush
Shoals:4: shoals_end_simple, layout_shoals, serial_shops, nicolae_square_shop,
          shop, shop, nicolae_diamond_shop
Spider:1: layout_spider_delve, nicolae_spider_eight_legs, uniq_asterion,
          uniq_roxanne
Spider:2: layout_cave_pods
Spider:3: layout_chambers, portal_ice_cave_entry_pillars_2,
          hangedman_spider_tarantella_strand
Spider:4: hellmonk_spider_rune_bug_friends
Orc:1:    layout_diamond_mine, nicolae_volcano_entry_two_sided, basic_altar,
          mines2_david, uniq_urug, uniq_erolcha
Orc:2:    st_orc_elflike, layout_diamond_mine, uniq_nessos

Skill      XL: |  1  2  3  4  5  6  7  8  9 10 11 12 13 14 15 16 17 18 |
---------------+-------------------------------------------------------+-----
Shields        | 3 4 5 6 8 9 10 11 13 | 13.3
Unarmed Combat | 3 4 5 6 8 10 11 13 14 16 17 19 21 22 23 | 23.8
Fighting       | 3 4 5 6 7 9 10 12 13 14 15 | 15.3
Dodging        | 3 5 6 7 8 9 10 11 12 | 12.3
Evocations     | 5 |  5.0

Action                   |  1- 3 |  4- 6 |  7- 9 | 10-12 | 13-15 | 16-18 || total
-------------------------+-------+-------+-------+-------+-------+-------++-------
Melee: Unarmed           |    59 |   175 |   261 |   564 |  1292 |  1561 ||  3912
Throw: Dart              |       |       |       |     6 |     3 |       ||     9
       Large rock        |       |       |       |     1 |     2 |       ||     3
Invok: Lunge             |       |       |    18 |    47 |   118 |   175 ||   358
       Whirlwind         |       |       |       |    10 |   231 |   224 ||   465
       Serpent's Lash    |       |       |       |     1 |    12 |       ||    13
       Heavenly Storm    |       |       |       |       |     2 |     4 ||     6
Evoke: Wand              |       |       |       |     4 |     9 |       ||    13
       Lightning rod     |       |       |       |       |       |     6 ||     6
       Box of beasts     |       |       |       |       |       |     2 ||     2
       Condenser vane    |       |       |       |       |       |     1 ||     1
  Use: Potion            |       |       |     2 |     5 |     3 |    12 ||    22
       Scroll            |       |       |    10 |     7 |    21 |    13 ||    51
 Stab: Sleeping          |     1 |     1 |     1 |       |       |       ||     3
Armor: Robe              |    17 |    46 |    34 |    25 |       |       ||   122
       Acid dragon scale |       |       |       |    51 |   311 |   422 ||   784
       Skin              |       |       |       |    20 |       |       ||    20
Dodge: Dodged            |    11 |    58 |    82 |   196 |   390 |   595 ||  1332
Block: Kite shield       |    19 |    69 |    80 |   220 |   500 |   585 ||  1473
